 Dungeon Crawl Stone Soup version 0.30-a0-389-g8d7d949f56 (webtiles) character file.

Game seed: 10781709633673902513

79 arthad the Firebug (level 4, -12/24 HPs)
             Began as a Gargoyle Fire Elementalist on Dec 3, 2022.
             Killed by an exploding Natasha (36 damage)
             ... ignited by their inner flame
             ... on level 2 of the Dungeon.
             The game lasted 00:05:42 (1790 turns).

arthad the Firebug (Gargoyle Fire Elementalist)     Turns: 1790, Time: 00:05:42

Health: -12/24     AC:  7    Str: 12    XL:     4   Next: 37%
Magic:  0/7        EV: 12    Int: 17    God:
Gold:   120        SH:  0    Dex: 10    Spells: 1/8 levels left

rFire   . . .      SeeInvis .    (no weapon)
rCold   . . .      Faith    .    (no shield)
rNeg    + . .      Spirit   .    a - +0 robe
rPois   ∞          Reflect  .    (no helmet)
rElec   +          Harm     .    c - +1 cloak
rCorr   .          Rampage  .    (no gloves)
Will    .....                    (no boots)
Stlth   ++........               (no amulet)
HPRegen 0.24/turn                (no ring)
MPRegen 0.10/turn                (no ring)

@: weak-willed, flying
A: sickness immunity, AC +3, negative energy resistance 1, electricity
resistance, torment resistance 1, petrification resistance
a: no special abilities


You were on level 2 of the Dungeon.
You visited 1 branch of the dungeon, and saw 2 of its levels.

You collected 120 gold pieces.

Inventory:

Armour
 a - a +0 robe (worn)
 c - a +1 cloak (worn)
Scrolls
 d - a scroll of immolation
 f - a scroll of amnesia
Potions
 h - a potion of flight


   Skills:
 + Level 2.1 Dodging
 + Level 3.0 Stealth
 + Level 2.5 Spellcasting
 + Level 2.1 Conjurations
 + Level 3.4 Fire Magic


You had one spell level left.
You knew the following spells:

 Your Spells              Type           Power      Damage    Failure   Level
a - Foxfire               Conj/Fire      44%        2x1d6     6%          1
b - Scorch                Fire           26%        2d6       7%          2
c - Flame Wave            Conj/Fire      11%        2d6       50%         4

Your spell library contained the following spells:

 Spells                   Type           Power      Damage    Failure   Level
 Kiss of Death            Conj/Necr      20%        2d7       12%         1
 Inner Flame              Hex/Fire       8%         N/A       26%         3
 Kindle Blastsparks       Fire/Tloc/Air  12%        2d11      34%         3
 Confusing Touch          Hex            2%         N/A       50%         3
 Portal Projectile        Hex/Tloc       4%         N/A       50%         3
 Tukima's Dance           Hex            2%         N/A       50%         3
 Dispel Undead            Necr           2%         3d7       88%         4
 Blade Hands              Tmut           1%         N/A       99%         5


Dungeon Overview and Level Annotations

Branches:
Dungeon (2/15)

Altars:


Innate Abilities, Weirdness & Mutations

You are immune to sickness and miasma.
Your stone body is resilient. (AC +3)
You are immune to poison.
You resist negative energy. (rN+)
You are resistant to electric shocks. (rElec)
You are resistant to unholy torment.
You are immune to petrification.


Message History

As you read the scroll labelled ARUCEK XUFAUW, it crumbles to dust.
It is a scroll of identify.
f - a scroll of amnesia Natasha mumbles some strange words.
Natasha shimmers violently.
Natasha misses you.
The crimson imp hits you but does no damage.
As you read the scroll labelled WYLOUQIMES, it crumbles to dust.
It is a scroll of enchant weapon.
You aren't carrying any weapons that can be enchanted.
Natasha closely misses you.
The crimson imp hits you but does no damage.
As you read the scroll labelled ZOPNATHOATEV, it crumbles to dust.
Magic quickly surges around you.
It was a scroll of vulnerability.
Natasha claws you.
The crimson imp hits you but does no damage.
Okay, then.
Sorry, you're not good enough to have a special ability.
You closely miss Natasha.
Natasha is moderately wounded.
The white imp disappears in a puff of smoke!
The crimson imp disappears in a puff of smoke!
Natasha barely misses you.
You barely miss Natasha.
Natasha is moderately wounded.
Natasha barely misses you.
The crimson imp lashes its tail.
You barely miss Natasha.
Natasha is moderately wounded.
Natasha stares at you and mumbles some strange words.
You resist with significant effort.
You hit Natasha.
Flame seeps out of Natasha.
Natasha is moderately wounded.
Natasha is engulfed in blazing flames.
Natasha yowls pathetically as she dies!
The crimson imp disappears in a puff of smoke!
Natasha explodes!
The fiery explosion engulfs you!!!
Ouch! That really hurt!
You die...

# # . # ...
#################.....
†...†..........w.....b
#################.....
# ### #.. ############
#.# ........§○@# #.#
?#########§# ######
#.# #.#.# #..... #.#
#.#.# #..... #.# #.#.#
#..... #.# #.#.#
####..... #.# #.#.#
#........ ..#
#######.#.# #........
### #.....#.#.#
#...####.


There were no monsters in sight!

Vanquished Creatures
  Natasha (D:2)
  3 adders (D:2)
  3 dart slugs
  2 ball pythons
  4 bats
  5 endoplasms (D:1)
  2 giant cockroaches (D:1)
  4 goblins (D:1)
  8 hobgoblins (D:1)
  A kobold (D:1)
  3 quokkas
  3 frilled lizards
  5 rats
44 creatures vanquished.

Vanquished Creatures (others)
  97 foxfires
97 creatures vanquished.

Grand Total: 141 creatures vanquished

Notes
Turn   | Place    | Note
-------+----------+-------------------------------------------
     0 | D:1      | arthad the Gargoyle Fire Elementalist began the quest for
                  | the Orb.
     0 | D:1      | Reached XP level 1. HP: 10/10 MP: 3/3
   130 | D:1      | Reached XP level 2. HP: 15/15 MP: 0/5
   555 | D:1      | Reached XP level 3. HP: 19/19 MP: 6/6
  1354 | D:2      | Reached XP level 4. HP: 24/24 MP: 4/7
  1749 | D:2      | Noticed Natasha
  1754 | D:2      | Learned a level 2 spell: Scorch
  1759 | D:2      | Learned a level 4 spell: Flame Wave
  1790 | D:2      | Killed Natasha
  1790 | D:2      | Killed by an exploding Natasha... ignited by their inner
                  | flame

Illustrated notes

Levels and vault maps discovered:
D:1:      psy_arrival_conway, layout_basic, kennysheep_another_room,
          chequers_avenue, minmay_tetromino_t4
D:2:      layout_basic, minmay_strange_pillars, uniq_natasha

Skill      XL: |  1  2  3  4 |
---------------+-------------+-----
Dodging        | 2 |  2.1
Conjurations   | 2 |  2.1
Stealth        | 3 |  3.0
Spellcasting   | |  2.5
Fire Magic     | |  3.4

Action                   |  1- 3 |  4- 6 || total
-------------------------+-------+-------++-------
Melee: Unarmed           |    28 |    33 ||    61
 Cast: Foxfire           |    51 |     7 ||    58
       Scorch            |       |     4 ||     4
  Use: Potion            |     1 |     2 ||     3
       Scroll            |       |     5 ||     5
Armor: Robe              |    14 |    12 ||    26
Dodge: Dodged            |    39 |    26 ||    65

Table legend: (Time is in decaauts)
 A = Elapsed time spent in this place.
 B = Non-inter-level travel time spent in this place.
 C = Inter-level travel time spent in this place.
 D = Time resting spent in this place.
 E = Time spent auto-exploring this place.
 F = Levels seen in this place.
 G = Mean time per level.
                   A        B        C        D        E       F      G
               +--------+--------+--------+--------+--------+-----+--------+
         Total |   1794 |   1760 |     34 |     61 |   1389 |   2 |  897.0 |
       Dungeon |   1794 |   1760 |     34 |     61 |   1389 |   2 |  897.0 |
               +--------+--------+--------+--------+--------+-----+--------+

Top non-repeatable levels by time:
     D:1: 1076 daAuts
     D:2: 717 daAuts
